 Dungeon Crawl Stone Soup version 0.22-a0-38-gc6ec8ce517 (webtiles) character file.

0 Manul the Ducker (level 1, -2/11 HPs)
             Began as a Spriggan Abyssal Knight on Jan 4, 2018.
             Was a Follower of Lugonu.
             Killed from afar by a starcursed mass (6 damage)
             ... with an accursed screaming
             ... on level 1 of the Abyss.
             The game lasted 00:00:12 (68 turns).

Manul the Ducker (Spriggan Abyssal Knight)            Turns: 68, Time: 00:00:12

Health: -2/11      AC:  2    Str:  8    XL:     1   Next: 0%
Magic:  3/3        EV: 18    Int: 13    God:    Lugonu [*.....]
Gold:   11         SH:  0    Dex: 15    Spells: 0/0 levels left

rFire    . . .     SeeInvis +   a - +1 short sword
rCold    . . .     Gourm    .   (shield restricted)
rNeg     . . .     Faith    .   b - +0 robe
rPois    .         Spirit   .   (helmet restricted)
rElec    .         Reflect  .   (no cloak)
rCorr    .         Harm     .   (gloves unavailable)
MR       .....                  (boots unavailable)
Stlth    +.........             (no amulet)
HPRegen  0.03/turn              (no ring)
MPRegen  0.08/turn              (no ring)

@: very quick
A: very small, unfitting armour, see invisible, herbivore, speed 3, slow
metabolism 2
a: Depart the Abyss, Renounce Religion


You were on level 1 of the Abyss.
You worshipped Lugonu.
Lugonu was aware of your devotion.
You were not hungry.

You visited 0 branches of the dungeon, and saw 0 of its levels.
You visited the Abyss 1 time.

You collected 11 gold pieces.

Inventory:

Hand Weapons
 a - a +1 short sword (weapon)
Armour
 b - a +0 robe (worn)
Comestibles
 c - a ration


   Skills:
 + Level 2.4 Fighting
 + Level 2.1 Short Blades
 + Level 3.5 Dodging
 + Level 1.7 Invocations


You couldn't memorise any spells.
You didn't know any spells.

Dungeon Overview and Level Annotations

Branches:
Dungeon (0/15)

Altars:


Innate Abilities, Weirdness & Mutations

You are very small and have problems with some larger weapons.
You are too small for most types of armour.
You have supernaturally acute eyesight. (SInv)
You are a herbivore.
You cover ground extremely quickly.
You need consume almost no food.


Message History

A starcursed mass splits.
A chorus of shrieks assaults your mind.
Ouch! That really hurt!
A tentacled starspawn and a small abomination come into view.
A starcursed mass splits.
Tentacles burst from the starspawn's body!
Found a gateway leading out of the Abyss. 2 starspawn tentacles come into view.
The starspawn tentacle completely misses you.
A starcursed mass comes into view.
The starcursed mass moves out of view.
An ancient zyme comes into view.
You feel yourself growing ill in the presence of the ancient zyme.
Tentacles burst from the starspawn's body!
A starcursed mass splits. 2 starspawn tentacles come into view.
A starcursed mass splits.
A chorus of shrieks assaults your mind.
Ouch! That really hurt!
You die...

.. .............. ...
#.................. ....
#..##..##..##..#
#...##..##..##..##..#
#...................
##..................
##..##..##..##..##..#
...#...##..##3.##..##. #
..XX...@.w......X..X.X..
..X#.....w>.........X...
##..##X.##..##..##..#
##x #..##..##..# .# ..
............. ..
..........∩.x.... .
....##..##..##..##..
.#... #..##..# ..# .x ..
...


You could see 3 starcursed masses, a tentacled starspawn, a sun demon, an
ancient zyme and 2 starspawn tentacles.

Vanquished Creatures (others)
  2 starspawn tentacles (Abyss:1)
2 creatures vanquished.

Notes
Turn   | Place    | Note
-------+----------+-------------------------------------------
     0 | Abyss:1  | Manul the Spriggan Abyssal Knight began the quest for the Orb.
     0 | Abyss:1  | Reached XP level 1. HP: 11/11 MP: 3/3
    45 | Abyss:1  | Noticed a sun demon
    52 | Abyss:1  | Noticed a starcursed mass
    59 | Abyss:1  | Noticed a small abomination
    59 | Abyss:1  | Noticed a tentacled starspawn
    63 | Abyss:1  | Noticed a starcursed mass
    65 | Abyss:1  | Noticed an ancient zyme
    68 | Abyss:1  | Killed from afar by a starcursed mass

Vault maps used:

Action                   || total
-------------------------++-------
Dodge: Dodged            ||     1

Table legend:
 A = Spawn XP
 B = Non-spawn XP
 C = Spawn XP percentage of total XP
 D = Spawn monster count
 E = Non-spawn monster count
 F = Spawn count percentage of total count
 G = Total turns spent on level
                    A         B        C        D         E        F      G
               +---------+---------+-------+---------+---------+-------+---------
         Total |       0 |       0 |   N/A |       0 |       0 |   N/A |    68
               +---------+---------+-------+---------+---------+-------+---------
               +---------+---------+-------+---------+---------+-------+---------
